 Dungeon Crawl Stone Soup version 0.21.0-3-g78d12a8bdd (webtiles) character file.

116 Kublaii the Chucker (level 4, 0/45 HPs)
             Began as a Troll Hunter on Jan 10, 2018.
             Killed by divine providence
             ... invoked by an orc priest
              (15 damage)
             ... on level 3 of the Dungeon.
             The game lasted 00:10:30 (1266 turns).

Kublaii the Chucker (Troll Hunter)                  Turns: 1266, Time: 00:10:31

Health: 0/45       AC:  5    Str: 20    XL:     4   Next: 70%
Magic:  12/12      EV: 13    Int:  7    God:
Gold:   97         SH:  0    Dex: 11    Spells: 3/3 levels left

rFire    . . .     SeeInvis .     - Unarmed
rCold    . . .     Gourm    +   (no shield)
rNeg     . . .     Faith    .   b - +0 robe
rPois    .         Spirit   .   (helmet restricted)
rElec    .         Reflect  .   o - scarf {repulsion}
rCorr    .         Harm     .   (gloves unavailable)
MR       .....                  (boots unavailable)
Stlth    +.........             (no amulet)
HPRegen  0.55/turn              e - ring of magical power
MPRegen  0.13/turn              x - +3 ring of evasion

@: lethally poisoned (0 -> -1), repel missiles
A: large, unfitting armour, claws 3, fast metabolism 3, gourmand, regeneration
1, shaggy fur 1, tough skin 2
a: no special abilities


You were on level 3 of the Dungeon.
You were completely stuffed.

You visited 1 branch of the dungeon, and saw 3 of its levels.

You collected 97 gold pieces.

Inventory:

Hand Weapons
 t - a +0 hunting sling
Missiles
 d - 2 throwing nets (quivered)
 l - 102 stones
 n - 13 sling bullets
Armour
 b - a +0 robe (worn)
 o - a scarf of repulsion (worn)
Jewellery
 e - a ring of magical power (left claw)
 u - an uncursed ring of wizardry
 x - a +3 ring of evasion (right claw)
Scrolls
 a - a scroll of enchant armour {unknown}
 i - 3 scrolls of teleportation {unknown}
 k - 2 scrolls of identify
 m - a scroll of blinking {unknown}
 q - 2 scrolls of fear {unknown}
 s - a scroll of fog {unknown}
 v - 2 scrolls of remove curse {unknown}
Potions
 g - a potion of magic {unknown}
 h - a potion of heal wounds {unknown}
 j - 2 potions of curing
 p - a potion of brilliance {unknown}
 r - a potion of berserk rage {unknown}
Comestibles
 f - 3 rations
 w - a chunk of flesh


   Skills:
 + Level 3.1 Fighting
 - Level 3.6 Throwing
 - Level 1.5 Dodging
 - Level 0.3 Stealth
 + Level 3.0 Unarmed Combat


You had 3 spell levels left.
You didn't know any spells.

Dungeon Overview and Level Annotations

Branches:
Dungeon (3/15)

Altars:
Dithmenos
Elyvilon
Hepliaklqana
Makhleb
Sif Muna
Uskayaw
Vehumet
Wu Jian

Annotations:
D:3 Robin


Innate Abilities, Weirdness & Mutations

You are too large for most types of armour.
You have claws for hands.
Your metabolism is lightning-fast.
You like to eat raw meat.
Your natural rate of healing is unusually fast.
You are covered in fur. (AC +1)
You have very tough skin. (AC +2)


Message History

The orc priest begins to cast a cantrip, but forgets the words!
Something hits you.
* * * LOW HITPOINT WARNING * * *
You are more poisoned.
Something hits you but does no damage.
The orc priest begins to cast a cantrip, but forgets the words!
A hobgoblin comes into view.
You feel better.
Something hits you but does no damage. x2
The orc priest hits you from afar with a spear.
The hobgoblin moves out of view.
You miss something. Something hits you.
The orc priest hits you from afar with a spear.
You miss something.
The goblins go into a battle-frenzy!
The orc priest barely misses you.
You barely miss something. Something hits you but does no damage.
You are poisoned.
The orc priest calls down the wrath of Beogh upon you.
Beogh smites you!
You die...

##.#...### .
#†##.#####.
#.##....(.#
#.........# #
#.######..# .##
#.# #..###(.##
#.# ##.........
#.#####o#.[......
#....@{g.o.......
#########g####...
#)# ## #o########
#(g..gg...
#g...gg.##
#######g#


You could see an orc priest, an orc, a hobgoblin and a goblin.

Vanquished Creatures
  3 gnolls (D:3)
  An adder (D:3)
  An ooze (D:1)
  A dart slug (D:1)
  A leopard gecko (D:1)
  6 orcs (D:3)
  3 giant cockroaches
  13 goblins
  3 hobgoblins
  8 jackals
  7 kobolds
  3 bats
  5 frilled lizards
  7 rats
62 creatures vanquished.

Notes
Turn   | Place    | Note
-------+----------+-------------------------------------------
     0 | D:1      | Kublaii the Troll Hunter began the quest for the Orb.
     0 | D:1      | Reached XP level 1. HP: 19/19 MP: 0/0
    85 | D:1      | Reached skill level 1 in Unarmed Combat
    85 | D:1      | Reached XP level 2. HP: 28/28 MP: 1/1
   364 | D:1      | Reached XP level 3. HP: 35/35 MP: 2/2
  1089 | D:3      | Found a burning altar of Makhleb.
  1140 | D:3      | Found a deep blue altar of Sif Muna.
  1144 | D:3      | Found a hide-covered altar of Uskayaw.
  1144 | D:3      | Found a shadowy altar of Dithmenos.
  1145 | D:3      | Found a hazy altar of Hepliaklqana.
  1146 | D:3      | Found an ornate altar of the Wu Jian Council.
  1146 | D:3      | Found a radiant altar of Vehumet.
  1147 | D:3      | Found a white marble altar of Elyvilon.
  1189 | D:3      | Reached XP level 4. HP: 44/44 MP: 3/3
  1236 | D:3      | Noticed Robin
  1266 | D:3      | Killed from afar by an orc priest

Skill      XL: |  1  2  3  4 |
---------------+-------------+-----
Fighting       | 2 3 |  3.1
Unarmed Combat | 1 2 3 |  3.0
Throwing       | |  3.6
Dodging        | |  1.5
Stealth        | |  0.3

Action                   |  1- 3 |  4- 6 || total
-------------------------+-------+-------++-------
Melee: Unarmed           |   109 |    30 ||   139
       Punch             |     1 |     2 ||     3
Throw: Large rock        |    12 |     5 ||    17
  Use: Scroll            |     1 |       ||     1
       Potion            |       |     2 ||     2
 Stab: Sleeping          |     1 |       ||     1
  Eat: Chunk             |    17 |       ||    17
Armor: Robe              |    40 |    20 ||    60
Dodge: Dodged            |    50 |    17 ||    67
